 Dungeon Crawl Stone Soup version 0.18.1-48-g4cf74bf (webtiles) character file.

551 Peuwp the Shield-Bearer (level 7, 0/61 HPs)
             Began as a Minotaur Fighter on Sept 10, 2016.
             Slain by Sigmund
             ... wielding a +0 scythe
              (8 damage)
             ... on level 4 of the Dungeon.
             The game lasted 00:30:05 (4049 turns).

Peuwp the Shield-Bearer (Minotaur Fighter)          Turns: 4049, Time: 00:30:06

Health: 0/61       AC: 12    Str: 22    XL:     7   Next: 7%
Magic:  6/6        EV:  5    Int:  5    God:
Gold:   156        SH: 10    Dex: 10    Spells: 0 memorised, 6 levels left

rFire  . . .     SeeInvis .     a - +1 long sword
rCold  . . .     Gourm    .     k - +0 plate armour
rNeg   . . .     Faith    .     c - +0 shield
rPois  .         Spirit   .     (helmet restricted)
rElec  .         Dismiss  .     (no cloak)
rCorr  .         Reflect  .     (no gloves)
SustAt .         Harm     .     (no boots)
MR     .....                    (no amulet)
Stlth  ..........               (no ring)
                                v - ring of flight

@: not resistant to hostile enchantments, extremely unstealthy
A: retaliatory headbutt, horns 2
a: Evoke Flight


You were on level 4 of the Dungeon.
You were not hungry.

You visited 1 branch of the dungeon, and saw 4 of its levels.

You collected 156 gold pieces.

Inventory:

Hand Weapons
 a - a +1 long sword (weapon)
 d - a +0 blowgun
 l - a +0 hunting sling
 r - a +0 trident of piercing
 x - a +0 halberd
Missiles
 e - 244 stones (quivered)
 h - 12 poisoned needles
 j - 23 sling bullets
Armour
 b - a +0 scale mail
 c - a +0 shield (worn)
 k - a +0 plate armour (worn)
 t - a +0 ring mail
Jewellery
 v - a ring of flight (left hand)
Wands
 p - a wand of acid (0/15)
Scrolls
 g - a scroll of remove curse
 n - 3 scrolls of recharging
Potions
 o - a potion of curing {unknown}
 q - 2 potions of agility {unknown}
 s - 2 potions of invisibility {unknown}
 u - a potion of haste {unknown}
 w - a potion of degeneration {unknown}
Comestibles
 f - a bread ration
 i - 2 meat rations
 m - a slice of pizza


   Skills:
 + Level 5.0 Fighting
 + Level 4.0 Long Blades
 + Level 0.7(1.5) Slings
 + Level 2.0 Throwing
 + Level 5.0 Armour
 + Level 1.6 Dodging
 + Level 0.3 Stealth
 + Level 6.6 Shields


You had 6 spell levels left.
You didn't know any spells.

Dungeon Overview and Level Annotations

Branches:
Dungeon (4/15)
 Temple: D:4-7

Altars:

Annotations:
D:4 Menkaure, Sigmund


Innate Abilities, Weirdness & Mutations

You reflexively headbutt those who attack you in melee.
You have a pair of horns on your head.


Message History

You hit Sigmund.
Sigmund is almost dead.
You block Sigmund's attack.
You closely miss Sigmund.
Sigmund is almost dead.
Sigmund mumbles some strange words.
Sigmund flickers and vanishes!
Deactivating autopickup; reactivate with Ctrl-A.
Something hits you but does no damage.
You hear some strange, mumbled words.
A puff of flame appears from out of thin air!
The puff of flame hits you!
* * * LOW HITPOINT WARNING * * *
You see here a club.
There is a stone staircase leading up here.
Things that are here:
16 stones; an uncursed dagger; a hunting sling You see here a dagger.
Something hits you!
You die...

##........ #..........
#............#
#............# #............
#..........# # #........# .#
##).....(.#..# #######
#.@..........# #.....#
#){........#.# ######.....#
#..(...(.....# #..........#
##.(...)(......
..(........###..............
#..........#).[.((...(......
#..##(.(.))...##....(.#####
#..###.(..########.####
#..))).#..# #.#


There were no monsters in sight!

Vanquished Creatures
  A phantom (D:4)
  An ogre (D:4)
  A howler monkey (D:4)
  An orc priest (D:3)
  A hound (D:4)
  2 orc wizards
  Robin (D:4)
  4 gnolls
  9 adders
  An ooze (D:1)
  A worm (D:2)
  3 dart slugs
  2 giant geckos
  8 orcs
  2 giant cockroaches
  18 goblins
  7 hobgoblins
  11 kobolds
  A quokka (D:3)
  A ball python (D:2)
  10 bats
  5 giant newts
  11 rats
102 creatures vanquished.

Notes
Turn   | Place    | Note
--------------------------------------------------------------
     0 | D:1      | Peuwp the Minotaur Fighter began the quest for the Orb.
     0 | D:1      | Reached XP level 1. HP: 19/19 MP: 0/0
   291 | D:1      | Reached XP level 2. HP: 18/27 MP: 1/1
   501 | D:1      | Reached skill level 4 in Shields
   996 | D:1      | Reached XP level 3. HP: 33/33 MP: 2/2
  1841 | D:2      | Reached XP level 4. HP: 34/41 MP: 3/3
  2491 | D:3      | Reached skill level 1 in Throwing
  2586 | D:4      | Reached skill level 1 in Dodging
  2589 | D:4      | Reached skill level 5 in Shields
  2645 | D:4      | Reached XP level 5. HP: 47/47 MP: 4/4
  2656 | D:4      | Noticed Menkaure
  3206 | D:4      | Reached XP level 6. HP: 47/53 MP: 5/5
  3280 | D:4      | Reached skill level 6 in Shields
  3424 | D:4      | Noticed Robin
  3435 | D:4      | Noticed Sigmund
  3453 | D:4      | Reached skill level 5 in Fighting
  3453 | D:4      | Reached skill level 5 in Armour
  3453 | D:4      | Reached XP level 7. HP: 39/61 MP: 6/6
  3456 | D:4      | Killed Robin
  4049 | D:4      | Slain by Sigmund

Skill      XL: |  1  2  3  4  5  6  7 |
---------------+----------------------+-----
Fighting       | 4 5 |  5.0
Shields        | 4 5 6 |  6.6
Armour         | 4 5 |  5.0
Throwing       | 1 2 |  2.0
Dodging        | 1 |  1.6
Long Blades    | 3 4 |  4.0
Slings         | |  0.7
Stealth        | |  0.3

Action                   |  1- 3 |  4- 6 |  7- 9 || total
-------------------------+-------+-------+-------++-------
Melee: Long sword        |    89 |   181 |    23 ||   293
       Headbutt          |    10 |    24 |     3 ||    37
 Fire: Hunting sling     |     4 |       |       ||     4
Throw: Stone             |     6 |    44 |     2 ||    52
Evoke: Wand              |       |       |     1 ||     1
  Use: Scroll            |     2 |     2 |       ||     4
       Potion            |       |     1 |       ||     1
  Eat: Bread ration      |     1 |     1 |     1 ||     3
Armor: Scale mail        |    10 |       |       ||    10
       Plate armour      |    58 |   194 |    17 ||   269
Dodge: Dodged            |    29 |    50 |     8 ||    87
Block: Shield            |    59 |   173 |    17 ||   249
